 Dungeon Crawl Stone Soup version 0.29-a0-529-gfa20dd96a1 (webtiles) character file.

Game seed: 14680780332989702797

160494 RepHenryClay the Acrobat (level 18, -32/137 HPs)
             Began as a Djinni Earth Elementalist on June 1, 2022.
             Was the Champion of Makhleb.
             Annihilated by a naga warrior
             ... wielding a +0 dire flail
              (45 damage)
             ... on level 4 of the Snake Pit.
             The game lasted 01:16:04 (48481 turns).

RepHenryClay the Acrobat (DjEE)                    Turns: 48481, Time: 01:16:05

Health: -32/137    AC: 18    Str:  5    XL:     18   Next: 39%
Gold:   1672       EV: 25    Int: 33    God:    Makhleb [******] SH:  6 Dex: 17

rFire   + + +      SeeInvis .   a - +3 Elemental Staff {rElec rF++ rC++ AC+5}
rCold   + + .      Faith    .   L - +0 buckler
rNeg    . . .      Spirit   .   e - +2 robe {rC+ rF+}
rPois   ∞          Reflect  .   F - +2 helmet {Int+3}
rElec   +          Harm     .   g - +0 cloak {rCorr}
rCorr   +          Rampage  .   O - +0 pair of gloves
Will    +....                   (boots unavailable)
Stlth   ++........              m - amulet of the acrobat
HPRegen 0.32/turn               h - +4 ring of protection
MPRegen 0.00/turn               D - +6 ring of intelligence

@: weakened, flying
A: sickness immunity, fire resistance 2, cold vulnerability 1, float, innate
caster, HP casting, extra vitality 1, agile 1, weak 1, sturdy frame 1
a: Renounce Religion, Minor Destruction, Lesser Servant of Makhleb, Major
Destruction, Greater Servant of Makhleb


You were on level 4 of the Snake Pit.
You worshipped Makhleb.
Makhleb was exalted by your worship.
You visited 5 branches of the dungeon, and saw 28 of its levels.
You also visited: Ossuary, Bailey and Ice Cave.

You collected 3678 gold pieces.
You spent 2006 gold pieces at shops.

Inventory:

Hand Weapons
 a - the +3 Elemental Staff (weapon) {rElec rF++ rC++ AC+5}
   (You acquired it on level 3 of the Lair of Beasts)

   If the wielder is skilled in Evocations, they can discharge powerful blasts
   of elemental energy when striking with it.
   It enhances your fire, ice, earth and air magic.
   AC:        It affects your AC (+5).
   rF:        It greatly protects you from fire.
   rC:        It greatly protects you from cold.
   rElec:     It insulates you from electricity.
 n - a +1 demon whip of chaos
 X - the +5 demon whip "Spellbinder" {antimagic, Will+}
   (You found it on level 6 of the Lair of Beasts)

   It reduces the magical energy of the wielder, and disrupts the spells and
   magical abilities of those it strikes.
   Natural abilities and divine invocations are not affected.
   It unleashes wild and unpredictable magical effects upon striking a wizard or
   a creature with magical abilities.
   Will:      It increases your willpower.
 Y - a +0 demon blade of freezing
Missiles
 w - 38 poisoned darts
 M - 5 curare-tipped darts
 Q - 6 atropa-tipped darts
Armour
 e - a +2 robe of resistance (worn)
 g - a +0 cloak of preservation (worn)
 t - a +2 leather armour of positive energy
 F - a +2 helmet of intelligence (worn)
 L - a +0 buckler (worn)
 O - a +0 pair of gloves (worn)
Magical Staves
 b - a staff of death
 q - a staff of conjuration
Jewellery
 h - a +4 ring of protection (left hand)
 m - an amulet of the acrobat (around neck)
 D - a +6 ring of intelligence (right hand)
 P - a ring of willpower
 R - a +6 ring of strength
 S - a +4 ring of protection
 V - a ring of wizardry
 W - a ring of protection from fire
Wands
 f - a wand of digging (2)
 i - a wand of acid (4)
 z - a wand of mindburst (6)
 A - a wand of charming (11)
 C - a wand of iceblast (27)
Scrolls
 d - a scroll of enchant armour
 r - 4 scrolls of poison
 u - 2 scrolls of fear {!*}
 v - 4 scrolls of magic mapping
 y - 5 scrolls of enchant weapon
 G - a scroll of torment
 H - 13 scrolls of teleportation
 J - 6 scrolls of identify {@r1}
 K - 3 scrolls of fog
 N - 2 scrolls of silence
 Z - 3 scrolls of blinking
Potions
 c - 15 potions of curing
 j - 5 potions of haste
 k - 2 potions of resistance
 l - 6 potions of brilliance
 o - 2 potions of might
 p - 3 potions of invisibility
 s - 3 potions of cancellation
 x - 2 potions of ambrosia
 B - a potion of heal wounds
 E - 7 potions of mutation
 I - 9 potions of lignification
 T - 3 potions of attraction
 U - 2 potions of magic


   Skills:
 - Level 14.8 Fighting
 + Level 21.1 Dodging
 - Level 1.5 Stealth
 - Level 5.6 Shields
 - Level 15.3 Spellcasting


You had 8 spell levels left.
You knew the following spells:

 Your Spells              Type           Power      Damage    Failure   Level
a - Stone Arrow           Conj/Erth      100%       3d13      0%          3
b - Passwall              Tmut/Erth      94%        N/A       0%          2
c - Sandblast             Erth           100%       2d20      0%          1
d - Petrify               Tmut/Erth      100%       N/A       1%          4
e - Slow                  Hex            100%       N/A       0%          1
f - Searing Ray           Conj           100%       2d8       0%          2
g - Vampiric Draining     Necr           91%        2d12      0%          3
h - Anguish               Hex/Necr       45%        N/A       1%          4
i - Freezing Cloud        Conj/Ice/Air   68%        6-21      1%          5
j - Death Channel         Necr           45%        N/A       1%          6
k - Conjure Ball Lightni  Conj/Air       56%        3x3d20    1%          6
Q - Blink                 Tloc           100%       N/A       0%          2
Your spell library was empty.

Dungeon Overview and Level Annotations

Branches:
Dungeon (15/15)            Temple (1/1) D:4            Lair (6/6) D:9
 Shoals (0/4) Lair:3        Snake (4/4) Lair:2        Slime (0/5) Lair:5
    Orc (2/2) D:11            Elf (0/3) Orc:2        Vaults (0/5) D:14
 Depths (0/4) D:15        Ossuary (visited)          Bailey (visited)
  IceCv (visited)

Altars:
Cheibriados
Dithmenos
Elyvilon
Gozag
Kikubaaqudgha
Makhleb
Qazlal
Vehumet
Xom
Zin
The Shining One
Beogh
Jiyva

Shops:
D:5 **   D:8 (   D:9 *   D:10 :   Orc:2 [(*[   Snake:2 :[=*[

Portals:
Trove: D:15 (give 7 scrolls of fear)

Annotations:
D:3 1 runed translucent door, Selrock's ghost, amateur GrFi
D:12 3 runed translucent doors, Foxy's ghost, journeyman MyFi
D:14 36 runed doors


Innate Abilities, Weirdness & Mutations

You are immune to sickness and miasma.
You are immune to poison.
Your flesh is very heat resistant. (rF++)
You are vulnerable to cold. (rC-)
You float through the air rather than walking.
You learn spells naturally, not from books.
Your magical power is your life essence.
You have superior vitality. (+4 MHP)
You are agile. (Dex +2)
You are weak. (Str -2)
Your movements are slightly less encumbered by armour. (ER -2)


Message History

The nagaraja is engulfed in freezing vapours.
The naga sharpshooter is engulfed in freezing vapours.
The naga sharpshooter casts a spell.
The naga sharpshooter magically shoots an arrow.
You block the arrow.
The salamander mystic is engulfed in freezing vapours.
The naga mage is engulfed in freezing vapours.
Damage: -4%(-5hp) hp: 22%(30hp) Unknown command.
Unknown command.
Casting: Freezing Cloud (safe; 1% risk of failure)
Confirm with . or Enter, or press ? or * to list all spells.
Aiming: Stone Arrow (safe; 0% risk of failure)
Press: ? - help, Shift-Dir - straight line, f - salamander mystic, p - black mamba
Aim: a salamander mystic, wielding a +0 dagger and wearing a +2 robe of willpower (severely wounded, strong, 87% to hit)
You feel a surge of power!
The stone arrow hits the salamander mystic!
The salamander mystic is almost dead.
* * * LOW HITPOINT WARNING * * *
The naga warrior is engulfed in freezing vapours.
The black mamba is engulfed in freezing vapours.
The black mamba seems to slow down.
You block the salamander mystic's attack.
The mana viper is engulfed in freezing vapours.
The nagaraja is engulfed in freezing vapours.
The nagaraja casts a spell.
The nagaraja seems to speed up.
The naga is engulfed in freezing vapours.
You kill the naga!
Makhleb accepts your kill.
You feel better.
The nagaraja is engulfed in freezing vapours.
The nagaraja hits you from afar with a +0 spear!!
* * * LOW HITPOINT WARNING * * *
The salamander is engulfed in freezing vapours.
The naga mage is engulfed in freezing vapours.
The naga mage misses you.
The naga warrior is engulfed in freezing vapours.
The naga warrior hits you with a +0 dire flail!!!
You die...

####<...#####....#########
..).....##.....)†)........
........##.......)........
........##........).......
#################......###
########......##
.................
.................
########@N.##...#
####§§SN§§...... ######
#§§§§§§NN§...... .....#
#.§§§#§§§N§§§.... .)...#
#.§§ #§§#SN§§§#.. .....#
#..) #§§N§§§§.... .....#
#.. ##§§N§§§..#. ...:.# #.
###N§§§... .(...# .
.......


You could see 2 nagarajas, 2 naga warriors, a naga sharpshooter (strong), 2
salamander mystics, a salamander (strong), a mana viper, a black mamba (slow)
and a naga mage (fast, strong).

Vanquished Creatures
  Nikola (Snake:3)
  An Ice Fiend (IceCv)
  Gastronok (Lair:2)
  Frances (D:14)
  An orc warlord (Orc:2)
  Aizul (Snake:2)
  Nessos (Lair:6)
  Snorg (Orc:2)
  An ettin (Orc:2)
  Josephine (Orc:2)
  2 vault guards (D:14)
  Fannar (D:11)
  A salamander tyrant (Snake:4)
  A caustic shrike simulacrum (IceCv)
  5 hydras
  An ice dragon (D:14)
  A catoblepas (Lair:6)
  8 boulder beetles
  2 tengu warriors (D:13)
  4 two-headed ogres
  11 naga warriors
  2 death knights
  13 anacondas
  3 centaur warriors
  5 shock serpents
  Urug (Lair:3)
  8 naga sharpshooters
  Amaemon (Lair:2)
  4 salamander mystics
  5 skeletal warriors
  3 sea snakes (Snake:4)
  An orange crystal statue (IceCv)
  A bog body (IceCv)
  7 naga ritualists
  3 spriggan simulacra (IceCv)
  4 orc knights
  A wizard (D:14)
  2 phantasmal warriors (Snake:4)
  4 necromancers (D:14)
  An obsidian statue (IceCv)
  3 deep elf pyromancers (D:14)
  Pikel (D:9)
  5 orc sorcerers
  6 ugly things (D:14)
  2 wolf spiders
  9 mana vipers
  A cyclops (D:15)
  13 salamanders
  2 manticores
  Maurice (D:11)
  2 guardian serpents
  37 black mambas
  A torpor snail (Lair:2)
  15 cane toads
  14 naga magi
  2 gargoyles
  An orange demon (Lair:2)
  8 komodo dragons
  An unseen horror (D:10)
  2 anaconda simulacra (IceCv)
  3 rime drakes
  2 spectral nagas (Snake:4)
  9 freezing wraiths
  3 ice devils (IceCv)
  3 entropy weaver simulacra (IceCv)
  3 tengu conjurers
  A golden dragon simulacrum (IceCv)
  2 kobold demonologists
  11 polar bears
  3 trolls
  A wolf spider simulacrum (D:15)
  Prince Ribbit (D:5)
  2 hornets (D:9)
  Grinder (D:5)
  A blink frog (shapeshifter) (D:14)
  12 dream sheep
  4 blink frogs (Lair:4)
  A meliai zombie (D:12)
  A raiju (Lair:6)
  11 slime creatures
  Sigmund (D:5)
  A vampire (D:12)
  2 shadows
  2 wyverns (Lair:2)
  8 wraiths
  16 humans (D:14)
  42 yaks
  2 basilisks
  2 steam dragons
  4 minotaur simulacra (IceCv)
  6 vampire mosquitoes
  10 wargs
  Menkaure (Ossuary)
  2 harpy simulacra (IceCv)
  28 nagas
  17 water moccasins
  A floating eye (shapeshifter) (D:15)
  16 hell hounds (Lair:6)
  2 sky beasts
  An ice beast (shapeshifter) (D:14)
  43 orc warriors
  3 ice beasts
  16 black bears
  An alligator simulacrum (IceCv)
  8 centaurs
  An ettin simulacrum (IceCv)
  6 ogres
  25 wolves
  An elf zombie (Ossuary)
  3 kobold brigands
  12 bullfrogs
  A gnoll sergeant (D:7)
  A necrophage (D:7)
  3 scorpions
  A deep troll simulacrum (IceCv)
  21 wights
  4 killer bees (D:9)
  A lindwurm simulacrum (IceCv)
  4 electric eels
  A howler monkey (D:8)
  5 centaur zombies
  A crimson imp (D:5)
  3 hounds (D:5)
  17 orc priests
  2 iguanas (D:6)
  24 orc wizards
  Natasha (thrice) (D:4)
  An ogre zombie (Ossuary)
  6 mummies (Ossuary)
  9 gnolls
  6 adders
  A shadow imp (D:7)
  4 white imps
  An ufetubus (D:5)
  6 adder zombies (Ossuary)
  3 dart slugs
  80 orcs
  A bat (D:3)
  13 endoplasms
  3 giant cockroaches
  A gnoll zombie (Ossuary)
  19 goblins
  14 hobgoblins
  13 jackals
  4 quokkas
  6 ball pythons
  3 frilled lizards
  5 goblin zombies
  4 hobgoblin zombies (Ossuary)
  22 kobolds
  2 kobold zombies (Ossuary)
  An orc zombie (Ossuary)
  2 quokka zombies
  4 rats
  5 rat zombies (Ossuary)
931 creatures vanquished.

Vanquished Creatures (collateral kills)
  An ice devil (IceCv)
  A yak (D:9)
  A minotaur simulacrum (IceCv)
3 creatures vanquished.

Vanquished Creatures (others)
  A black mamba (Snake:4)
  A yak (D:9)
  An orc warrior (Bailey)
  A centaur (D:15)
  24 ball lightnings
  A butterfly (Lair:6)
  22 fungi
  58 plants
109 creatures vanquished.

Grand Total: 1043 creatures vanquished

Notes
Turn   | Place    | Note
-------+----------+-------------------------------------------
     0 | D:1      | RepHenryClay the Djinni Earth Elementalist began the quest
                  | for the Orb.
     0 | D:1      | Reached XP level 1. HP: 15/15 MP: 0/0
   392 | D:1      | Reached XP level 2. HP: 19/21 MP: 0/0
  1013 | D:1      | Reached XP level 3. HP: 23/25 MP: 0/0
  1013 | D:1      | Learned a level 1 spell: Slow
  1321 | D:1      | Found a faded altar of an unknown god.
  2115 | D:2      | Found a shadowy altar of Dithmenos.
  2126 | D:2      | Reached XP level 4. HP: 25/31 MP: 0/0
  2870 | D:3      | Noticed Selrock's ghost (amateur GrFi)
  2870 | D:3      | Found a runed translucent door.
  3333 | D:3      | Reached XP level 5. HP: 21/35 MP: 0/0
  3333 | D:3      | Learned a level 2 spell: Searing Ray
  3685 | D:3      | Found a white marble altar of Elyvilon.
  3687 | D:3      | Found a shimmering altar of Xom.
  3830 | D:4      | Found a staircase to the Ecumenical Temple.
  3835 | Temple   | Entered the Ecumenical Temple
  3844 | Temple   | Became a worshipper of Makhleb the Destroyer
  3907 | D:4      | Found a sand-covered staircase.
  3919 | Ossuary  | Entered an ossuary
  4476 | Ossuary  | Reached skill level 5 in Spellcasting
  4476 | Ossuary  | Reached XP level 6. HP: 35/40 MP: 0/0
  5213 | Ossuary  | Reached XP level 7. HP: 35/45 MP: 0/0
  5213 | Ossuary  | Learned a level 2 spell: Blink
  5278 | Ossuary  | Noticed Menkaure
  5483 | Ossuary  | Killed Menkaure
  5483 | Ossuary  | Reached * piety under Makhleb
  5896 | D:4      | Gained mutation: Your movements are slightly less
                  | encumbered by armour. (ER -2) [potion of mutation]
  5896 | D:4      | Gained mutation: You have hidden genetic defects. [potion
                  | of mutation]
  6420 | D:4      | Noticed Natasha
  6425 | D:4      | Killed Natasha
  6499 | D:4      | Identified the +1 hand axe of the Morning {speed, Str+4}
  6648 | D:4      | Found a glowing golden altar of the Shining One.
  6988 | D:4      | Reached XP level 8. HP: 41/50 MP: 0/0
  6994 | D:4      | Gained mutation: You do not regenerate when monsters are
                  | visible. [hidden defects]
  7058 | D:4      | Lost mutation: You do not regenerate when monsters are
                  | visible. [potion of mutation]
  7058 | D:4      | Lost mutation: You have hidden genetic defects. [potion of
                  | mutation]
  7058 | D:4      | Gained mutation: You are agile. (Dex +2) [potion of
                  | mutation]
  7296 | D:4      | Noticed Natasha
  7297 | D:4      | Killed Natasha
  7466 | D:4      | Noticed Natasha
  7469 | D:4      | Killed Natasha
  7502 | D:5      | Entered Level 5 of the Dungeon
  7518 | D:5      | Noticed Prince Ribbit
  7520 | D:5      | Killed Prince Ribbit
  7563 | D:5      | Noticed Grinder
  7565 | D:5      | Killed Grinder
  7802 | D:5      | Reached XP level 9. HP: 37/55 MP: 0/0
  7802 | D:5      | Learned a level 3 spell: Vampiric Draining
  7919 | D:5      | Reached ** piety under Makhleb
  8028 | D:5      | Found Juill's Specific Store.
  8037 | D:5      | Found Ohucik's General Store.
  8045 | D:5      | Bought 2 potions of degeneration for 22 gold pieces
  8045 | D:5      | Bought a scroll of noise for 11 gold pieces
  8214 | D:5      | Noticed Sigmund
  8216 | D:5      | Killed Sigmund
  8541 | D:6      | Reached skill level 3 in Dodging
  8769 | D:6      | Reached skill level 4 in Dodging
  9277 | D:6      | Reached skill level 5 in Dodging
  9528 | D:6      | Reached XP level 10. HP: 53/60 MP: 0/0
 10074 | D:7      | Reached skill level 6 in Dodging
 10074 | D:7      | Reached skill level 10 in Spellcasting
 10491 | D:7      | Reached skill level 7 in Dodging
 10492 | D:7      | Reached *** piety under Makhleb
 12041 | D:8      | Found a stormy altar of Qazlal.
 12162 | D:8      | Reached skill level 8 in Dodging
 12221 | D:8      | Found Niepn's Hydra Hut.
 12228 | D:8      | Noticed a five-headed hydra
 12466 | D:9      | Noticed a komodo dragon
 12557 | D:9      | Reached XP level 11. HP: 62/65 MP: 0/0
 12557 | D:9      | Learned a level 4 spell: Anguish
 12558 | D:9      | Found Cat Zoen's Overcharged Wands.
 12574 | D:9      | Reached skill level 9 in Dodging
 12744 | D:9      | Noticed Pikel
 12753 | D:9      | Killed Pikel
 12765 | D:9      | Found a flagged portal.
 12770 | D:9      | Reached **** piety under Makhleb
 12833 | Bailey   | Entered a bailey
 12946 | Bailey   | Noticed an orc knight
 12958 | Bailey   | Reached skill level 10 in Dodging
 13044 | Bailey   | Killed an orc knight
 13344 | Bailey   | Noticed an orc knight
 13523 | Bailey   | Killed an orc knight
 13712 | Bailey   | Found an iron altar of Okawaru.
 13722 | Bailey   | Noticed an orc sorcerer
 13726 | Bailey   | Killed an orc sorcerer
 13944 | Bailey   | Identified the +10 chain mail "Naidim" {-Cast Will+ Str+4}
 14169 | Bailey   | Acquired a staff of air
 14261 | D:9      | Reached skill level 11 in Dodging
 14405 | D:9      | Found a staircase to the Lair.
 14623 | D:9      | Reached ***** piety under Makhleb
 14908 | D:10     | Entered Level 10 of the Dungeon
 14952 | D:10     | Noticed a two-headed ogre
 14955 | D:10     | Killed a two-headed ogre
 14956 | D:10     | Reached XP level 12. HP: 68/70 MP: 0/0
 15393 | D:10     | Found Ozopiwau's Book Shoppe.
 15673 | D:11     | Noticed Maurice
 15675 | D:11     | You are sucked into a shaft and drop 2 floors!
 15769 | D:12     | Noticed a steelbarb worm
 15771 | D:12     | Found a runed translucent gate.
 15772 | D:12     | Found a runed translucent gate.
 15774 | D:12     | Found a runed translucent gate.
 15774 | D:12     | Noticed a boulder beetle
 15776 | D:12     | Noticed a boulder beetle
 15776 | D:12     | Noticed Foxy's ghost (journeyman MyFi)
 16072 | D:12     | Reached skill level 12 in Dodging
 16128 | D:12     | Reached skill level 1 in Fighting
 16259 | D:12     | Noticed an eight-headed hydra
 16264 | D:12     | Noticed a goliath frog
 16264 | D:12     | Noticed an ettin
 16264 | D:12     | a goliath frog changed into an ettin
 16265 | D:12     | Noticed a great orb of eyes
 16265 | D:12     | an ettin changed into a great orb of eyes
 16729 | D:11     | Found a staircase to the Orcish Mines.
 16834 | D:11     | Killed Maurice
 16937 | D:11     | Noticed a two-headed ogre
 16940 | D:11     | Killed a two-headed ogre
 16941 | D:11     | Reached skill level 5 in Fighting
 17009 | D:11     | Noticed a two-headed ogre
 17015 | D:11     | Killed a two-headed ogre
 17158 | D:11     | Noticed a two-headed ogre
 17165 | D:11     | Killed a two-headed ogre
 17200 | D:11     | Noticed Fannar
 17232 | D:11     | Killed Fannar
 18185 | D:13     | Noticed a boulder beetle
 18196 | D:13     | Killed a boulder beetle
 18334 | D:13     | Reached XP level 13. HP: 67/92 MP: 0/0
 18334 | D:13     | Learned a level 5 spell: Freezing Cloud
 19193 | Orc:1    | Entered Level 1 of the Orcish Mines
 19355 | Orc:2    | Entered Level 2 of the Orcish Mines
 19738 | Orc:2    | Reached skill level 10 in Fighting
 19916 | Orc:2    | Found Mesayrpheaf's Armour Boutique.
 19977 | Orc:2    | Bought a +0 helmet of intelligence for 149 gold pieces
 20014 | Orc:2    | Noticed Josephine
 20036 | Orc:2    | Killed Josephine
 20041 | Orc:2    | Gained mutation: You are weak. (Str -2) [a neqoxec]
 20503 | Orc:2    | Noticed Snorg
 20513 | Orc:2    | Killed Snorg
 20658 | Orc:2    | Noticed an ettin
 20664 | Orc:2    | Killed an ettin
 20915 | Orc:2    | Found a staircase to the Elven Halls.
 21475 | Orc:2    | Found Kuyxkitt's General Store.
 21513 | Orc:2    | Bought 2 potions of heal wounds for 170 gold pieces
 21513 | Orc:2    | Bought a scroll of teleportation for 51 gold pieces
 21513 | Orc:2    | Bought a potion of heal wounds for 85 gold pieces
 22332 | Orc:2    | Noticed an orc warlord
 22362 | Orc:2    | Killed an orc warlord
 22712 | Orc:2    | Found Carixuf's Antique Armour Emporium.
 22714 | Orc:2    | Found Jegihaumo's Antique Weapon Shoppe.
 22728 | Orc:2    | Bought an encrusted dagger for 161 gold pieces
 22728 | Orc:2    | Identified the +8 dagger of Opar {antimagic, rC+} (You
                  | bought it in a shop on level 2 of the Orcish Mines)
 22729 | Orc:2    | Bought a glowing quick blade for 414 gold pieces
 22944 | Lair:1   | Entered Level 1 of the Lair of Beasts
 22958 | Lair:1   | Reached ****** piety under Makhleb
 22969 | Lair:1   | Reached XP level 14. HP: 105/105 MP: 0/0
 24030 | Lair:2   | Noticed Amaemon
 24038 | Lair:2   | Killed Amaemon
 24311 | Lair:2   | Reached skill level 13 in Dodging
 24658 | Lair:2   | Found a staircase to the Snake Pit.
 25210 | Lair:2   | Noticed Gastronok
 25230 | Lair:2   | Killed Gastronok
 25645 | Lair:3   | Acquired the +3 Elemental Staff {rElec rF++ rC++ AC+5}
 25645 | Lair:3   | Found the +3 Elemental Staff {rElec rF++ rC++ AC+5}
 25690 | Lair:3   | Noticed Urug
 25698 | Lair:3   | Killed Urug
 25976 | Lair:3   | Found a staircase to the Shoals.
 27289 | Lair:4   | HP: 2/108 [boulder beetle (41)]
 28169 | Lair:4   | Reached XP level 15. HP: 111/113 MP: 0/0
 28169 | Lair:4   | Learned a level 6 spell: Death Channel
 28712 | Lair:5   | Found a staircase to the Slime Pits.
 28712 | Lair:5   | Found a viscous altar of Jiyva.
 29395 | Lair:5   | Reached skill level 14 in Dodging
 29865 | Lair:6   | Entered Level 6 of the Lair of Beasts
 29889 | Lair:6   | Reached skill level 1 in Shields
 30567 | Lair:6   | Reached skill level 5 in Shields
 30897 | Lair:6   | Identified the +8 rapier "Goblinslayer" {flame, Drain rElec
                  | rC++ Int+3}
 31269 | Lair:6   | Found the +5 demon whip "Spellbinder" {antimagic, Will+}
 31643 | Lair:6   | Noticed Nessos
 31652 | Lair:6   | Killed Nessos
 32710 | D:14     | Noticed Frances
 32721 | D:14     | Killed Frances
 32786 | D:14     | Found a frozen archway.
 32798 | IceCv    | Entered an ice cave
 33712 | IceCv    | Identified the +2 hat of Uskayaw, Feeding {-Tele Str+5
                  | Int+2 Stlth+}
 33728 | IceCv    | Reached XP level 16. HP: 114/122 MP: 0/0
 34357 | IceCv    | Reached skill level 15 in Dodging
 34483 | IceCv    | Noticed an Ice Fiend
 34499 | IceCv    | Killed an Ice Fiend
 34796 | D:14     | Found a huge runed gate.
 34796 | D:14     | Found a huge runed gate.
 34796 | D:14     | Found a huge runed gate.
 34797 | D:14     | Found a huge runed gate.
 34798 | D:14     | Found a huge runed gate.
 34799 | D:14     | Found a huge runed gate.
 34799 | D:14     | Found a huge runed gate.
 34800 | D:14     | Found a huge runed gate.
 34800 | D:14     | Found a huge runed gate.
 34801 | D:14     | Found a huge runed gate.
 34801 | D:14     | Found a huge runed gate.
 34802 | D:14     | Found a huge runed gate.
 34803 | D:14     | Found a huge runed gate.
 34805 | D:14     | Found a huge runed gate.
 34900 | D:14     | Found a huge runed gate.
 34900 | D:14     | Found a huge runed gate.
 34901 | D:14     | Found a huge runed gate.
 34902 | D:14     | Found a huge runed gate.
 34904 | D:14     | Found a huge runed gate.
 35114 | D:14     | Found a huge runed gate.
 35114 | D:14     | Found a huge runed gate.
 35114 | D:14     | Found a huge runed gate.
 35114 | D:14     | Found a huge runed gate.
 35122 | D:14     | Found a huge runed gate.
 35127 | D:14     | Found a huge runed gate.
 35127 | D:14     | Found a huge runed gate.
 35127 | D:14     | Found a huge runed gate.
 35127 | D:14     | Found a huge runed gate.
 36331 | D:14     | Found a huge runed gate.
 36332 | D:14     | Found a huge runed gate.
 36332 | D:14     | Found a huge runed gate.
 36333 | D:14     | Found a huge runed gate.
 36334 | D:14     | Found a huge runed gate.
 36335 | D:14     | Found a huge runed gate.
 36336 | D:14     | Found a huge runed gate.
 36337 | D:14     | Found a huge runed gate.
 36669 | D:14     | Reached skill level 15 in Spellcasting
 36684 | D:14     | Found a gate to the Vaults.
 38394 | D:14     | Found a huge runed gate.
 38394 | D:14     | Found a huge runed gate.
 38394 | D:14     | Found a huge runed gate.
 38394 | D:14     | Found a huge runed gate.
 38394 | D:14     | Found a huge runed gate.
 38394 | D:14     | Found a huge runed gate.
 38395 | D:14     | Found a huge runed gate.
 38396 | D:14     | Found a huge runed gate.
 38690 | D:14     | Found a huge runed gate.
 38690 | D:14     | Found a huge runed gate.
 38690 | D:14     | Found a huge runed gate.
 38690 | D:14     | Found a huge runed gate.
 38690 | D:14     | Found a huge runed gate.
 38690 | D:14     | Found a huge runed gate.
 38691 | D:14     | Found a huge runed gate.
 38692 | D:14     | Found a huge runed gate.
 38693 | D:14     | Found a huge runed gate.
 38701 | D:14     | Found a huge runed gate.
 38701 | D:14     | Found a huge runed gate.
 38701 | D:14     | Found a huge runed gate.
 38701 | D:14     | Found a huge runed gate.
 38701 | D:14     | Found a huge runed gate.
 38701 | D:14     | Found a huge runed gate.
 38704 | D:14     | Found a huge runed gate.
 38705 | D:14     | Found a huge runed gate.
 38706 | D:14     | Found a huge runed gate.
 38942 | D:14     | Found a gate to the Vaults.
 39030 | D:15     | Entered Level 15 of the Dungeon
 39161 | D:15     | HP: 4/124 [freezing wraith[a death knight] (6)]
 39161 | D:15     | HP: 1/124 [freezing wraith[a death knight] (3)]
 40766 | D:15     | Reached skill level 16 in Dodging
 40768 | D:15     | Found a staircase to the Depths.
 40881 | D:15     | Found a portal to a secret trove of treasure.
 41318 | Snake:1  | Entered Level 1 of the Snake Pit
 41646 | Snake:1  | Reached XP level 17. HP: 120/130 MP: 0/0
 41646 | Snake:1  | Learned a level 6 spell: Conjure Ball Lightning
 41767 | Snake:1  | Reached skill level 17 in Dodging
 42444 | Snake:2  | Found Yshrecon's Armour Shoppe.
 42447 | Snake:2  | Noticed Aizul
 42900 | Snake:2  | Reached skill level 18 in Dodging
 43329 | Snake:2  | Killed Aizul
 43350 | Snake:2  | Bought a +0 pair of gloves for 81 gold pieces
 43576 | Snake:2  | Found Nenlalam's Assorted Antiques.
 43580 | Snake:2  | Bought a glowing cloak for 240 gold pieces
 43580 | Snake:2  | Bought a scroll of magic mapping for 112 gold pieces
 44193 | Snake:2  | Found Ylytzowo's Book Emporium.
 44488 | Snake:2  | Found Otesch's Armour Shoppe.
 44730 | Snake:2  | Found Luckummo's Jewellery Emporium.
 44790 | Snake:2  | Bought an amulet of the acrobat for 510 gold pieces
 44981 | Snake:3  | Noticed Nikola
 45272 | Snake:3  | Reached skill level 19 in Dodging
 45376 | Snake:3  | Killed Nikola
 46745 | Snake:4  | Entered Level 4 of the Snake Pit
 46971 | Snake:4  | Reached XP level 18. HP: 134/137 MP: 0/0
 46982 | Snake:4  | Reached skill level 20 in Dodging
 48478 | Snake:4  | Reached skill level 21 in Dodging
 48481 | Snake:4  | Annihilated by a naga warrior

Illustrated notes

Levels and vault maps discovered:
D:1:      minmay_arrival_diagonal_passages, layout_loops_cross,
          dreamdust_ecumenical_altar_statues
D:2:      layout_basic, minmay_hexomino_r4
D:3:      layout_loops_cross, nicolae_overflow_hidden_temple,
          gammafunk_ghost_grave
D:4:      layout_layer_cave, tso_oasis_becter, minmay_temple_entry_trees,
          enter_ossuary_4, minmay_misc_feat_rugged, minmay_misc_feat_columns,
          abandoned_shop, uniq_natasha
D:5:      layout_rooms, nicolae_specific_store, minmay_fire_ice_demons,
          uniq_grinder, uniq_prince_ribbit1, uniq_sigmund
D:6:      layout_loops_cross, serial_glass, glass_columns_a, glass_columns_b,
          minmay_strange_pillars, feat_on_display
D:7:      layout_layer_cave, minmay_puff, uniq_menkaure
D:8:      layout_rooms, grunt_qazlal_clouds, doesnt_shop_hydraphobe
D:9:      layout_irregular_city, grunt_lair_entry_orc_guard_hut, enter_bailey_5,
          minmay_misc_feat_nine_boxes, nicolae_shop_overcharged_wands,
          uniq_pikel
D:10:     layout_rooms, serial_shops, nicolae_lakefront_shop
D:11:     layout_basic, orc_0_dummy, uniq_fannar, uniq_maurice
D:12:     layout_basic, gammafunk_ghost_split, serial_undead, serial_undead_d,
          serial_undead_c, serial_undead_b, serial_undead_d
D:13:     layout_stronghold
D:14:     layout_basic, grunt_vaults_entry_tiered, portal_ice_cave_entry_dragon,
          hangedman_decor_push, door_vault, uniq_frances
D:15:     hangedman_depths_entry_try_elsewhere_first, layout_stronghold,
          trove_entry_hex_spiral, vehumet_crystals
Temple:   compressed_dpeg_circular_temple
Lair:1:   layout_long_grid, beast_lair_carwin_2
Lair:2:   layout_long_grid, minmay_snake_entry_six_corridors,
          serial_bayou_shore_a, infiniplex_staircase_pool, uniq_amaemon,
          uniq_gastronok
Lair:3:   layout_regular_city, shoals_dummy_entry, gauntlet_entry_generic,
          uniq_urug
Lair:4:   layout_misc_corridors, grunt_forest_large_clearing_hut
Lair:5:   layout_gridlike, slime_altar_1
Lair:6:   hangedman_lair_caniforms_friends, layout_hall_layers,
          lemuel_fruit_fields, uniq_nessos
Snake:1:  layout_misc_corridors
Snake:2:  layout_grid_maze, serial_shops, nicolae_shop_waterfront, shop,
          nicolae_shop_behind_doors, shop, nicolae_diamond_shop, abandoned_shop,
          uniq_aizul
Snake:3:  layout_gridlike, uniq_nikola
Snake:4:  snake_pit, layout_grid_maze, serial_bayou_lagoon_a,
          nicolae_snake_ghostly_warrior_ritual, lemuel_fruit_tree,
          uniq_saint_roka
Orc:1:    layout_diamond_mine
Orc:2:    grunt_orc_community_town_hall, layout_diamond_mine,
          grunt_orc_community_big_house_2, grunt_orc_community_big_house_2,
          grunt_orc_community_house_1, grunt_orc_community_house_1,
          grunt_orc_community_house_3, grunt_orc_community_house_2,
          uniq_josephine, uniq_snorg

Skill      XL: |  1  2  3  4  5  6  7  8  9 10 11 12 13 14 15 16 17 18 |
---------------+-------------------------------------------------------+-----
Spellcasting   | 3 4 5 7 8 9 10 12 14 15 | 15.3
Dodging        | 5 8 11 12 13 14 16 19 21 | 21.1
Fighting       | 8 11 12 13 14 | 14.8
Shields        | 5 |  5.6
Stealth        | |  1.5

Action                   |  1- 3 |  4- 6 |  7- 9 | 10-12 | 13-15 | 16-18 || total
-------------------------+-------+-------+-------+-------+-------+-------++-------
Melee: Unarmed           |     3 |     1 |       |       |       |       ||     4
       Dagger            |       |    26 |       |       |       |       ||    26
       Staff             |       |       |       |     3 |     8 |     2 ||    13
 Cast: Sandblast         |    56 |    28 |     5 |     8 |       |       ||    97
       Stone Arrow       |       |    35 |   123 |   315 |   784 |   684 ||  1941
       Searing Ray       |       |     7 |     1 |     2 |       |       ||    10
       Slow              |       |     4 |     2 |     5 |       |       ||    11
       Vampiric Draining |       |       |       |    27 |    14 |     6 ||    47
       Anguish           |       |       |       |     3 |       |       ||     3
       Petrify           |       |       |       |     2 |       |     1 ||     3
       Freezing Cloud    |       |       |       |       |    44 |    41 ||    85
       Blink             |       |       |       |       |     1 |       ||     1
       Death Channel     |       |       |       |       |     1 |       ||     1
       Conjure Ball Ligh |       |       |       |       |       |     9 ||     9
Evoke: Wand              |       |       |       |     3 |       |     1 ||     4
  Use: Scroll            |       |     4 |       |    17 |    13 |     9 ||    43
       Potion            |       |       |     4 |     2 |     3 |     5 ||    14
 Stab: Sleeping          |     1 |     2 |       |       |     1 |       ||     4
Armor: Robe              |     6 |    19 |     5 |    27 |   114 |   112 ||   283
       Steam dragon scal |       |       |       |    13 |       |       ||    13
       Leather armour    |       |       |       |       |     7 |       ||     7
Dodge: Dodged            |    17 |    32 |     8 |   121 |   436 |   436 ||  1050
Block: Buckler           |       |       |       |       |       |    71 ||    71

Table legend: (Time is in decaauts)
 A = Elapsed time spent in this place.
 B = Non-inter-level travel time spent in this place.
 C = Inter-level travel time spent in this place.
 D = Time resting spent in this place.
 E = Time spent auto-exploring this place.
 F = Levels seen in this place.
 G = Mean time per level.
                   A        B        C        D        E       F      G
               +--------+--------+--------+--------+--------+-----+--------+
         Total |  48563 |  46154 |   2409 |   9977 |  29842 |  31 | 1566.5 |
       Dungeon |  22786 |  21528 |   1258 |   2762 |  16177 |  15 | 1519.1 |
        Temple |     15 |      9 |      6 |      0 |      3 |   1 |   15.0 |
          Lair |  10102 |   9567 |    535 |   2228 |   6297 |   6 | 1683.7 |
     Snake Pit |   6653 |   6270 |    383 |   1315 |   4009 |   4 | 1663.2 |
  Orcish Mines |   3705 |   3479 |    226 |   1188 |   1728 |   2 | 1852.5 |
       Ossuary |   1956 |   1956 |      0 |    484 |   1105 |   1 | 1956.0 |
        Bailey |   1362 |   1362 |      0 |    531 |    376 |   1 | 1362.0 |
      Ice Cave |   1979 |   1979 |      0 |   1468 |    147 |   1 | 1979.0 |
               +--------+--------+--------+--------+--------+-----+--------+

Top non-repeatable levels by time:
    D:14: 3554 daAuts
   Orc:2: 2604 daAuts
  Lair:6: 2583 daAuts
 Snake:2: 2374 daAuts
  Lair:2: 2183 daAuts
    D:13: 2166 daAuts
    D:15: 2104 daAuts
   IceCv: 1979 daAuts
 Ossuary: 1956 daAuts
  Lair:3: 1878 daAuts
     D:7: 1871 daAuts
     D:4: 1823 daAuts
 Snake:3: 1629 daAuts
     D:1: 1491 daAuts
  Lair:4: 1470 daAuts
